 Dungeon Crawl Stone Soup version 0.23.2-40-g277498a001 (webtiles) character file.

Game seed: 12372791333634280464

83951 mechatronicus the Impaler (level 15, -3/141 HPs)
             Began as a Minotaur Monk on Oct 2, 2019.
             Was a Follower of Uskayaw.
             Succumbed to a +3 trident of venom's poison
             ... on level 2 of the Orcish Mines.
             The game lasted 04:22:17 (41990 turns).

mechatronicus the Impaler (Minotaur Monk)          Turns: 41990, Time: 04:22:18

Health: -3/141     AC: 30    Str: 28    XL:     15   Next: 33%
Magic:  21/21      EV: 10    Int:  7    God:    Uskayaw [*.....]
Gold:   368        SH:  0    Dex: 25    Spells: 12/14 levels left

rFire    . . .     SeeInvis .   a - +5 trident "Mattun" {freeze, +Rage Dex+3}
rCold    + + +     Gourm    .   (no shield)
rNeg     . . .     Faith    .   e - +8 plate armour "Voseefo" {*Corrode rC+++ Str+4}
rPois    .         Spirit   .   K - +2 hat
rElec    .         Reflect  .   (no cloak)
rCorr    +         Harm     .   k - +2 pair of gloves {Str+3}
MR       +....                  d - +0 pair of boots
Stlth    ..........             y - amulet of rage
HPRegen  0.33/turn              w - ring of resist corrosion
MPRegen  0.17/turn              X - +3 ring of dexterity

@: mighty, lethally poisoned (-3 -> -60), very slightly contaminated, lightly
drained, invisible
A: retaliatory headbutt, horns 2
a: Stomp, Renounce Religion, Evoke Berserk Rage


You were on level 2 of the Orcish Mines.
You worshipped Uskayaw.
Uskayaw was aware of your devotion.
You were hungry.

You visited 8 branches of the dungeon, and saw 25 of its levels.
You also visited: Sewer.

You collected 2754 gold pieces.
You spent 2386 gold pieces at shops.

Inventory:

Hand Weapons
 a - the +5 trident "Mattun" (weapon) {freeze, +Rage Dex+3}
   (You bought it in a shop on level 2 of the Orcish Mines)

   It has been specially enchanted to freeze those struck by it, causing extra
   injury to most foes and up to half again as much damage against particularly
   susceptible opponents.
   It can also slow down cold-blooded creatures.
   It affects your dexterity (+3).
   It lets you go berserk.
 b - a +8 glaive of flaming
 S - a +2 morningstar of freezing
Armour
 d - a +0 pair of boots (worn)
 e - the +8 plate armour "Voseefo" (worn) {*Corrode rC+++ Str+4}
   (You found it on level 6 of the Lair of Beasts)

   It affects your strength (+4).
   It renders you almost immune to cold.
   It may corrode you when you take damage.
 f - a +5 ring mail of magic resistance
 g - a +2 leather armour of poison resistance
 k - a +2 pair of gloves of strength (worn)
 A - the +4 plate armour of the Moneychanger {rF+ Int-5 SInv}
   (You found it on level 1 of the Snake Pit)

   It affects your intelligence (-5).
   It protects you from fire.
   It lets you see invisible.
 G - a +0 pair of gloves
 K - a +2 hat (worn)
 N - a +2 robe of cold resistance
 P - a +2 chain mail of fire resistance
 T - the +0 leather armour of Atiurgh {rF+ Str+6}
   (You found it on level 11 of the Dungeon)

   It affects your strength (+6).
   It protects you from fire.
Jewellery
 i - an uncursed ring of flight
 w - a ring of resist corrosion (left hand)
 y - an amulet of rage (around neck)
 I - an uncursed ring of ice
 X - a +3 ring of dexterity (right hand)
Wands
 m - a wand of acid (32)
 o - a wand of flame (34)
 q - a wand of disintegration (9)
 x - a wand of digging (7)
 C - a wand of scattershot (7)
 F - a wand of paralysis (8)
 Q - a wand of iceblast (18)
 U - a wand of polymorph (6)
Scrolls
 h - 2 scrolls of identify
 j - a scroll of magic mapping
 n - 10 scrolls of remove curse
 p - 3 scrolls of teleportation
 u - 2 scrolls of immolation
 z - a scroll of summoning
 B - a scroll of enchant armour
 L - 3 scrolls of fog
 O - a scroll of brand weapon
 V - 2 scrolls of silence
Potions
 l - 2 potions of resistance
 r - a potion of agility
 t - a potion of might
 v - 2 potions of brilliance
 D - 2 potions of haste
 J - a potion of invisibility
 W - 2 potions of ambrosia
 Z - 4 potions of flight
Miscellaneous
 H - a lightning rod (4/4)
Comestibles
 c - 14 rations


   Skills:
 + Level 15.4(15.0) Fighting
   Level 10.0(15.3) Axes
 - Level 19.3(19.5) Polearms
 * Level 11.4(11.0) Armour
 - Level 3.2(2.9) Dodging
 - Level 1.5(1.2) Stealth
 * Level 10.0(9.6) Invocations
 - Level 6.0(5.6) Evocations


You had 12 spell levels left.
You knew the following spells:

 Your Spells              Type           Power        Failure   Level  Hunger
a - Blink                 Tloc           N/A          99%         2    ###....

Your spell library contained the following spells:

 Spells                   Type           Power        Failure   Level  Hunger
 Animate Skeleton         Necr           N/A          98%         1    ##.....
 Apportation              Tloc           #.....       98%         1    ##.....
 Confusing Touch          Hex            #.....       98%         1    ##.....
 Freeze                   Ice            #...         98%         1    ##.....
 Magic Dart               Conj           #...         98%         1    ##.....
 Shock                    Conj/Air       #...         98%         1    ##.....
 Summon Butterflies       Summ           #.......     98%         1    ##.....
 Summon Small Mammal      Summ           #...         98%         1    ##.....
 Call Imp                 Summ           #.......     99%         2    ###....
 Slow                     Hex            #.......     99%         2    ###....
 Swiftness                Chrm/Air       #.......     99%         2    ###....
 Throw Frost              Conj/Ice       #.....       99%         2    ###....
 Conjure Flame            Conj/Fire      #.......     100%        3    ####...
 Lesser Beckoning         Tloc           #.........   100%        3    ####...
 Mephitic Cloud           Conj/Pois/Air  #.......     100%        3    ####...
 Ozocubu's Armour         Chrm/Ice       #.......     100%        3    ####...
 Static Discharge         Conj/Air       #.......     100%        3    ####...
 Tukima's Dance           Hex            #.......     100%        3    ####...
 Airstrike                Air            #.........   100%        4    #####..
 Summon Ice Beast         Ice/Summ       #.......     100%        4    #####..
 Throw Icicle             Conj/Ice       #.......     100%        4    #####..
 Alistair's Intoxication  Tmut/Pois      #.......     100%        5    ######.
 Lightning Bolt           Conj/Air       #.........   100%        5    ######.
 Invisibility             Hex            #.......     100%        6    #######


Dungeon Overview and Level Annotations

Branches:
Dungeon (11/15)            Temple (1/1) D:5            Lair (6/6) D:11
 Shoals (1/4) Lair:2        Snake (2/4) Lair:3        Slime (1/5) Lair:5
    Orc (2/2) D:10            Elf (1/3) Orc:2

Altars:
Ashenzari
Cheibriados
Dithmenos
Elyvilon
Fedhas
Gozag
Makhleb
Okawaru
Qazlal
Ru
Sif Muna
Trog
Uskayaw
Wu Jian
Xom
Yredelemnul
Zin
The Shining One
Beogh
Jiyva

Shops:
D:4 *   D:5 **%*   D:9 ?%=   D:11 ?   Orc:2 ***[

Annotations:
D:7 3 runed translucent doors, 1 exclusion, Ananasrisotto's ghost, novice FoFi
D:8 Prince Ribbit
D:11 1 exclusion
Lair:1 exclusions: 2 oklob plants and 1 more exclusion
Elf:1 exclusion: orange crystal statue


Innate Abilities, Weirdness & Mutations

You reflexively headbutt those who attack you in melee.
You have a pair of horns on your head.


Message History

The +3 trident of venom hits you but does no damage.
* * * LOW HITPOINT WARNING * * *
You feel very sick.
* * * LOW HITPOINT WARNING * * *
You feel very sick. The +3 trident of venom hits you.
* * * LOW HITPOINT WARNING * * *
You are more poisoned.
* * * LOW HITPOINT WARNING * * *
You feel very sick.
There is a staircase back to the Mines here.
* * * LOW HITPOINT WARNING * * *
You feel very sick.
The fire elemental disappears in a puff of smoke!
The +3 trident of venom hits you but does no damage.
You are more poisoned.
The +3 trident of venom hits you but does no damage.
You are more poisoned.
You climb upwards.
Welcome back to the Orcish Mines!
You die...

###.#.......##..........
#.#..........#.....#....
###.....##...........#....
#........#..........##....
##.......###.......####...
#......####.........###..
#......##....).#....)..(.
###...........##......[)#
##....@...#.###....)..#
###.(....### ##.....##
#.......## ##...(.#
##........# ###.......
###........####......(..
##......#.....###........
##......##..........^.....
#.......####........###...
#.......# ##.......####..


You could see a +3 trident of venom.

Vanquished Creatures
  Harold (D:9)
  Fannar (Lair:3)
  4 ogre magi (Orc:2)
  A naga warrior (Snake:2)
  3 hydras
  7 anacondas
  A dancing weapon (Elf:1)
  3 catoblepae (Lair:6)
  18 two-headed ogres
  5 death yaks (Lair:6)
  2 orc high priests
  A naga sharpshooter (Snake:1)
  3 shock serpents
  2 sea snakes (Snake:2)
  3 naga ritualists (Snake:2)
  2 orc knights
  5 mana vipers
  3 deep elf magi (Elf:1)
  2 orc sorcerers
  2 manticores (Lair:6)
  2 salamanders (Snake:1)
  An oklob plant (Lair:5)
  3 cyclopes
  An ugly thing (D:11)
  15 black mambas
  A gargoyle (D:10)
  4 naga magi
  8 spiny frogs
  A centaur skeleton (D:11)
  3 rime drakes
  12 komodo dragons
  A yaktaur (D:9)
  2 polar bears
  6 trolls
  5 blink frogs
  13 hippogriffs
  6 dream sheep
  A slime creature (Lair:5)
  A spriggan (D:7)
  A wyvern (Lair:2)
  A fire elemental (Elf:1)
  32 yaks
  A golden eye (Lair:5)
  2 hungry ghosts (D:9)
  3 basilisks
  A warg (D:10)
  11 nagas
  9 porcupines
  8 water moccasins
  24 orc warriors
  2 black bears
  A phantom (D:9)
  5 ice beasts
  37 ogres
  17 wolves
  6 centaurs
  2 big kobolds
  17 crocodiles
  11 bullfrogs
  5 scorpions
  3 killer bees (D:7)
  5 wights (D:8)
  6 electric eels
  7 crimson imps
  A quasit (D:11)
  8 hounds
  A centaur zombie (D:6)
  2 bullfrog zombies
  4 jellies
  A gnoll shaman (Orc:2)
  20 orc wizards
  16 orc priests
  3 iguanas
  Jessica (D:3)
  4 bullfrog skeletons
  10 worker ants
  6 hell rats (Lair:6)
  A hound zombie (D:11)
  A hound skeleton (D:10)
  4 gnolls (Orc:2)
  15 adders
  A howler monkey skeleton (D:9)
  3 shadow imps
  5 white imps (D:9)
  3 oozes
  An adder zombie (D:8)
  An adder skeleton (D:7)
  5 worms
  2 dart slugs
  6 leopard geckos
  91 orcs
  13 giant cockroaches
  8 hobgoblins
  10 jackals
  11 quokkas
  5 ball pythons
  6 bats
  5 frilled lizards
  7 goblins
  21 kobolds
  A quokka simulacrum (D:9)
  2 quokka zombies
  11 rats
  A butterfly (Lair:3)
  2 plants
691 creatures vanquished.

Vanquished Creatures (others)
  3 fungi
  5 plants
8 creatures vanquished.

Grand Total: 699 creatures vanquished

Notes
Turn   | Place    | Note
-------+----------+-------------------------------------------
     0 | D:1      | mechatronicus the Minotaur Monk began the quest for the
                  | Orb.
     0 | D:1      | Reached XP level 1. HP: 19/19 MP: 0/0
     6 | D:1      | Noticed a swamp worm
     6 | D:1      | Noticed a polar bear
     6 | D:1      | Noticed a black mamba
     6 | D:1      | Noticed a crocodile
     6 | D:1      | Noticed a hound
   311 | D:1      | Reached XP level 2. HP: 28/28 MP: 1/1
   796 | D:2      | Reached skill level 5 in Fighting
   796 | D:2      | Reached XP level 3. HP: 36/36 MP: 2/2
  1321 | D:2      | Found a glowing golden altar of the Shining One.
  1376 | D:3      | Found a glowing drain.
  1400 | D:3      | Reached XP level 4. HP: 40/44 MP: 3/3
  1456 | Sewer    | Entered a sewer
  1479 | Sewer    | Noticed a big kobold
  1517 | Sewer    | Killed a big kobold
  1517 | Sewer    | Reached XP level 5. HP: 25/52 MP: 4/4
  2230 | D:3      | Noticed a centaur
  2344 | D:3      | HP: 2/52 [centaur/arrow (7)]
  2673 | D:3      | Noticed Jessica
  2683 | D:3      | Killed Jessica
  3046 | D:3      | Reached XP level 6. HP: 41/61 MP: 5/5
  3665 | D:4      | Found Gaddavicuj's General Store.
  3668 | D:4      | Bought a scroll of enchant armour for 75 gold pieces
  3668 | D:4      | Bought a scroll of teleportation for 30 gold pieces
  3679 | D:4      | Reached skill level 1 in Evocations
  4039 | D:4      | Reached XP level 7. HP: 66/70 MP: 7/7
  4553 | D:4      | Found a runed translucent door.
  4553 | D:4      | Noticed a human
  4888 | D:4      | Found a basalt altar of Yredelemnul.
  5127 | D:5      | Entered Level 5 of the Dungeon
  5213 | D:5      | Reached skill level 5 in Evocations
  5598 | D:5      | Found a snail-covered altar of Cheibriados.
  5913 | D:5      | Found a staircase to the Ecumenical Temple.
  5923 | Temple   | Entered the Ecumenical Temple
  6103 | Temple   | Became a worshipper of Uskayaw the Reveler
  6103 | Temple   | Reached * piety under Uskayaw
  6135 | D:5      | Reached ** piety under Uskayaw
  6427 | D:5      | Found Teijom's Assorted Antiques.
  6427 | D:5      | Found Ruecobba's Assorted Antiques.
  6431 | D:5      | Found Yharawapn's Assorted Antiques.
  6432 | D:5      | Found Reshoeva's Food Emporium.
  6451 | D:5      | Bought a potion of heal wounds for 110 gold pieces
  6451 | D:5      | Bought a scroll of teleportation for 66 gold pieces
  6451 | D:5      | Bought a potion of curing for 66 gold pieces
  6641 | D:6      | Reached XP level 8. HP: 78/78 MP: 11/11
  6855 | D:6      | Reached *** piety under Uskayaw
  6858 | D:6      | Reached skill level 1 in Armour
  7223 | D:6      | Found a transporter.
  7738 | D:7      | Reached skill level 10 in Fighting
  8225 | D:7      | Reached **** piety under Uskayaw
  8226 | D:7      | Reached skill level 5 in Axes
  8226 | D:7      | Reached skill level 5 in Armour
  8227 | D:7      | Reached XP level 9. HP: 74/85 MP: 12/12
  8237 | D:7      | HP: 4/85 [orc warrior/cursed -1 battleaxe (21)]
  8986 | D:6      | Found a transporter.
  9569 | D:7      | Found a runed translucent gate.
  9569 | D:7      | Found a runed translucent gate.
  9569 | D:7      | Found a runed translucent gate.
  9654 | D:7      | Noticed Ananasrisotto's ghost (novice FoFi)
 10855 | D:8      | Reached XP level 10. HP: 89/93 MP: 13/13
 11047 | D:8      | Found a deep blue altar of Sif Muna.
 11078 | D:8      | Noticed Prince Ribbit
 11123 | D:8      | Reached skill level 1 in Invocations
 11914 | D:9      | Found Relalevo's Magic Scroll Shop.
 11914 | D:9      | Noticed Harold
 12075 | D:9      | Killed Harold
 12075 | D:9      | Reached skill level 5 in Invocations
 12089 | D:9      | Noticed a two-headed ogre
 12422 | D:9      | Found Wonlogot's Food Shoppe.
 12581 | D:9      | Bought a scroll of fog for 24 gold pieces
 12581 | D:9      | Bought 2 scrolls of identify for 48 gold pieces
 12583 | D:9      | Bought a scroll of identify for 24 gold pieces
 12583 | D:9      | Bought a scroll of identify for 24 gold pieces
 12583 | D:9      | Bought a scroll of silence for 90 gold pieces
 12592 | D:9      | Bought a scroll of identify for 24 gold pieces
 12592 | D:9      | Bought a scroll of identify for 24 gold pieces
 12592 | D:9      | Bought a scroll of enchant armour for 90 gold pieces
 12741 | D:9      | Found Ecwireno's Jewellery Shop.
 12782 | D:9      | Noticed a two-headed ogre
 12802 | D:9      | Killed a two-headed ogre
 13072 | D:9      | Reached skill level 1 in Polearms
 13115 | D:9      | Killed a two-headed ogre
 13115 | D:9      | Reached skill level 3 in Polearms
 13252 | D:9      | Reached skill level 4 in Polearms
 14019 | D:10     | Entered Level 10 of the Dungeon
 14028 | D:10     | Reached XP level 11. HP: 99/99 MP: 15/15
 14068 | D:9      | Reached skill level 5 in Polearms
 14382 | D:10     | Found a bloodstained altar of Trog.
 14621 | D:10     | Reached skill level 6 in Polearms
 14717 | D:10     | Reached ***** piety under Uskayaw
 14957 | D:10     | Found a staircase to the Orcish Mines.
 15148 | Orc:1    | Entered Level 1 of the Orcish Mines
 15154 | Orc:1    | Reached skill level 7 in Polearms
 15161 | Orc:1    | Noticed an orc sorcerer
 15429 | D:10     | Reached skill level 8 in Polearms
 15719 | D:11     | Found a staircase to the Lair.
 15779 | D:11     | Reached skill level 9 in Polearms
 15932 | D:11     | Reached skill level 10 in Axes
 15972 | D:11     | Found Hixt's Magic Scroll Shoppe.
 15975 | D:11     | Bought 2 scrolls of identify for 60 gold pieces
 15975 | D:11     | Bought a scroll of identify for 30 gold pieces
 15978 | D:11     | Bought a scroll of enchant weapon for 112 gold pieces
 16678 | D:11     | Got a dazzling leather armour
 16689 | D:11     | Identified the cursed +0 leather armour of Atiurgh {rF+
                  | Str+6} (You found it on level 11 of the Dungeon)
 16696 | D:11     | Noticed a cyan ugly thing
 16725 | D:11     | Noticed a two-headed ogre
 16728 | D:11     | Reached skill level 10 in Polearms
 17095 | D:11     | Killed a two-headed ogre
 17647 | Lair:1   | Entered Level 1 of the Lair of Beasts
 17655 | Lair:1   | Noticed an oklob plant
 17673 | Lair:1   | Noticed an oklob plant
 17706 | Lair:1   | You fall through a shaft!
 17710 | Lair:2   | Reached skill level 11 in Polearms
 18472 | Lair:1   | Reached XP level 12. HP: 106/106 MP: 17/17
 18665 | Lair:1   | Reached skill level 12 in Polearms
 20002 | Lair:2   | Found a staircase to the Shoals.
 20011 | Shoals:1 | Entered Level 1 of the Shoals
 20017 | Shoals:1 | Noticed a merfolk impaler
 20437 | Lair:2   | Reached skill level 13 in Polearms
 21601 | Lair:2   | Found a staircase to the Shoals.
 22337 | Lair:3   | Found a staircase to the Snake Pit.
 22349 | Lair:3   | Reached skill level 14 in Polearms
 23040 | Lair:3   | Noticed Fannar
 23307 | Snake:1  | Entered Level 1 of the Snake Pit
 24078 | Orc:1    | Found a burning altar of Makhleb.
 24144 | Orc:1    | You fall through a shaft!
 24144 | Orc:2    | Entered Level 2 of the Orcish Mines
 24144 | Orc:2    | Found Ximu's Armour Emporium.
 24144 | Orc:2    | Found Toedes's Assorted Antiques.
 24144 | Orc:2    | Noticed a two-headed ogre
 24144 | Orc:2    | Noticed a two-headed ogre
 24144 | Orc:2    | Noticed a two-headed ogre
 24144 | Orc:2    | Noticed an ogre mage
 24145 | Orc:2    | Noticed an ogre mage
 24145 | Orc:2    | Noticed a two-headed ogre
 24146 | Orc:2    | Noticed an ogre mage
 24154 | Orc:2    | Noticed a two-headed ogre
 24174 | Orc:1    | Noticed a two-headed ogre
 24174 | Orc:1    | Noticed an orc high priest
 24180 | Orc:1    | Reached skill level 15 in Polearms
 24182 | Orc:1    | Killed a two-headed ogre
 24201 | Orc:1    | Killed an orc high priest
 24628 | Orc:1    | Killed a two-headed ogre
 24628 | Orc:1    | Reached XP level 13. HP: 94/113 MP: 19/19
 25312 | Orc:2    | Found a staircase to the Elven Halls.
 26101 | Orc:1    | Reached skill level 16 in Polearms
 26101 | Orc:1    | Reached skill level 10 in Invocations
 27670 | Orc:2    | Reached skill level 17 in Polearms
 28289 | Orc:1    | HP: 4/113 [ogre/+0 giant club (3)]
 29685 | Orc:2    | Found Legyasae's Assorted Antiques.
 29685 | Orc:2    | Found Meriunue's General Store.
 29693 | Orc:2    | Reached skill level 18 in Polearms
 30014 | Orc:2    | Bought the +5 trident "Mattun" {freeze, +Rage Dex+3} for
                  | 625 gold pieces
 30829 | Lair:3   | Killed Fannar
 31251 | Lair:4   | Learned a level 2 spell: Blink
 31259 | Lair:4   | Reached XP level 14. HP: 119/124 MP: 20/20
 31858 | Lair:5   | Found a runed translucent door.
 31858 | Lair:5   | Found a viscous altar of Jiyva.
 31858 | Lair:5   | Found a staircase to the Slime Pits.
 33729 | Lair:6   | Entered Level 6 of the Lair of Beasts
 35520 | Lair:6   | Reached skill level 19 in Polearms
 37161 | Snake:1  | Identified a scroll of acquirement
 37518 | Snake:1  | Got a jasper-encrusted plate armour
 37529 | Snake:1  | Identified the +4 plate armour of the Moneychanger {rF+
                  | Int-5 SInv} (You found it on level 1 of the Snake Pit)
 37727 | Lair:6   | Got a fine plate armour
 37738 | Lair:6   | Identified the +8 plate armour "Voseefo" {*Corrode rC+++
                  | Str+4} (You found it on level 6 of the Lair of Beasts)
 38644 | Snake:2  | Reached skill level 15 in Fighting
 38644 | Snake:2  | Reached XP level 15. HP: 141/141 MP: 21/21
 39228 | Snake:2  | Reached skill level 10 in Armour
 39578 | Snake:2  | Found a basalt altar of Yredelemnul.
 40550 | Snake:1  | HP: 7/141 [poisoned by a naga ritualist (toxic radiance)]
 40555 | Snake:1  | HP: 6/141 [poisoned by a naga ritualist (toxic radiance)]
 40560 | Snake:1  | HP: 6/141 [poisoned by a naga ritualist (toxic radiance)]
 40565 | Snake:1  | HP: 7/141 [poisoned by a naga ritualist (toxic radiance)]
 41160 | Slime:1  | Entered Level 1 of the Pits of Slime
 41160 | Slime:1  | Noticed an acid blob
 41389 | Orc:2    | Bought a +3 ring mail of magic resistance for 390 gold
                  | pieces
 41391 | Orc:2    | Bought a potion of haste for 220 gold pieces
 41391 | Orc:2    | Bought a potion of heal wounds for 110 gold pieces
 41392 | Orc:2    | Bought a potion of curing for 72 gold pieces
 41392 | Orc:2    | Bought a scroll of teleportation for 72 gold pieces
 41455 | Orc:2    | Found a roughly hewn altar of Beogh.
 41728 | Elf:1    | Entered Level 1 of the Elven Halls
 41988 | Elf:1    | HP: 7/141 [poisoned by a +3 trident of venom]
 41989 | Elf:1    | HP: 3/141 [poisoned by a +3 trident of venom]
 41990 | Orc:2    | Succumbed to a +3 trident of venom's poison

Skill      XL: |  1  2  3  4  5  6  7  8  9 10 11 12 13 14 15 |
---------------+----------------------------------------------+-----
Fighting       | 4 5 6 7 8 9 10 11 15 | 15.4
Evocations     | 2 5 6 |  6.0
Armour         | 5 8 9 11 | 11.4
Axes           | 5 9 10 | 10.0
Invocations    | 7 8 9 10 | 10.0
Polearms       | 4 11 15 18 19 | 19.3
Dodging        | |  3.2
Stealth        | |  1.5

Action                   |  1- 3 |  4- 6 |  7- 9 | 10-12 | 13-15 || total
-------------------------+-------+-------+-------+-------+-------++-------
Melee: Hand axe          |    81 |   177 |   372 |   104 |       ||   734
       Headbutt          |     9 |    37 |    82 |   111 |   184 ||   423
       Glaive            |       |       |       |   494 |   429 ||   923
       Morningstar       |       |       |       |     5 |       ||     5
       Trident           |       |       |       |       |   337 ||   337
 Cast: Blink             |       |       |       |       |     1 ||     1
Invok: Line Pass         |       |       |     3 |     7 |     7 ||    17
       Stomp             |       |       |     1 |     2 |     1 ||     4
 Abil: Evoke Berserk Rag |       |     1 |    10 |     4 |     5 ||    20
Evoke: Wand              |       |       |       |     4 |     1 ||     5
  Use: Scroll            |       |     4 |     5 |    28 |    24 ||    61
       Potion            |       |     4 |     3 |    11 |    16 ||    34
 Stab: Sleeping          |     3 |     6 |    11 |     6 |     5 ||    31
       Paralysed         |       |       |    13 |    41 |    41 ||    95
       Confused          |       |       |     1 |     4 |     3 ||     8
       Distracted        |       |       |       |     3 |     3 ||     6
       Invisible         |       |       |       |     1 |       ||     1
  Eat: Chunk             |     1 |     9 |    21 |    28 |    27 ||    86
       Ration            |       |       |     3 |     7 |    10 ||    20
Armor: Robe              |    12 |    32 |       |       |       ||    44
       Leather armour    |       |     3 |    94 |    96 |    98 ||   291
       Chain mail        |       |       |       |    52 |       ||    52
       Plate armour      |       |       |       |       |   150 ||   150
       Ring mail         |       |       |       |       |     8 ||     8
Dodge: Dodged            |    49 |   143 |   246 |   371 |   339 ||  1148
